 Dungeon Crawl Stone Soup version 0.31.0-12-g77e489cdc1 (webtiles) character file.

Game seed: 14773702082134314755

55 Gadfly the Trooper (level 3, -2/40 HPs)
             Began as an Oni Berserker on Feb 27, 2024.
             Was a Believer of Trog.
             Killed from afar by an orc wizard (7 damage)
             ... with a magic dart
             ... on level 2 of the Dungeon.
             The game lasted 00:02:11 (1383 turns).

Gadfly the Trooper (Oni Berserker)                  Turns: 1383, Time: 00:02:12

Health: -2/40      AC:  3    Str: 21    XL:     3   Next: 93%
Magic:  3/3        EV: 10    Int:  8    God:    Trog [**....]
Gold:   13         SH:  0    Dex: 10    Spells: 2/2 levels left

rFire   . . .        a - +0 mace
rCold   . . .        (no shield)
rNeg    . . .        d - +0 robe
rPois   .            (helmet restricted)
rElec   .            (no cloak)
rCorr   .            (gloves unavailable)
SInv    .            (boots unavailable)
Will    ++...        (no amulet)
Stlth   +            (no ring)
HPRegen 1.26/turn    (no ring)
MPRegen 0.08/turn

%: no passive effects
@: strong-willed, regenerating
A: large, unfitting armour, horns 1, tough skin 1, double potion healing,
drunken brawling
a: Renounce Religion, Berserk, Trog's Hand


You were on level 2 of the Dungeon.
You worshipped Trog.
Trog was pleased with you.
You visited 1 branch of the dungeon, and saw 2 of its levels.

You collected 83 gold pieces.
You spent 70 gold pieces at shops.

Inventory:

Hand Weapons
 a - a +0 mace (weapon)
Armour
 d - a +0 robe (worn)
Wands
 f - a wand of iceblast (12)
Scrolls
 b - 2 scrolls of teleportation
 e - 2 scrolls of identify
Potions
 c - a potion of lignification


   Skills:
 + Level 4.4 Fighting
 * Level 3.5 Maces & Flails
 * Level 1.4 Armour
 - Level 2.6 Dodging
 * Level 1.2 Evocations


You had 2 spell levels left.
You didn't know any spells.
Your spell library was empty.

Dungeon Overview and Level Annotations

Branches:
Dungeon (2/15)

Altars:
Ashenzari

Shops:
D:2 ?


Innate Abilities, Weirdness & Mutations

You are too large for most types of armour.
You have a pair of small horns on your head.
You have tough skin. (AC +1)
You gain doubled healing and magic from potions.
Whenever you drink a healing potion, you attack all around you.


Message History

Deactivating autopickup; reactivate with Ctrl-A.
You closely miss the orc. Your headbutt misses the orc.
The orc is heavily wounded.
The orc barely misses you.
You sock the orc!
You kill the orc!
Trog accepts your kill.
You hear some strange, mumbled words.
A puff of flame appears from out of thin air!
The puff of flame hits you.
You hit the orc. You headbutt the orc.
You kill the orc!
Trog accepts your kill. Something hits you but does no damage.
You miss something.
You hear some strange, mumbled words.
A magic dart appears from out of thin air!
The magic dart hits you.
You barely miss something. Something hits you.
* * * LOW HITPOINT WARNING * * *
You closely miss something. Something hits you.
* * * LOW HITPOINT WARNING * * *
You sock something! Your headbutt misses something. Something hits you.
* * * LOW HITPOINT WARNING * * *
You hear some strange, mumbled words.
A puff of flame appears from out of thin air!
The puff of flame hits you!
* * * LOW HITPOINT WARNING * * *
Okay, then.
Okay, then.
Your skin crawls.
You feel strong-willed. Something hits you but does no damage.
You closely miss something. Your headbutt misses something.
Something hits you but does no damage.
You hit something.
You hear some strange, mumbled words.
A magic dart appears from out of thin air!
The magic dart hits you!
You die...

#.....# #. .
#.....# #. ..
#.....# #.
##.#.....# #.
.........# #. #.
.$.......####.. #.
.......oo......
######## #{###
#.###.......
#@#.#.#...#.######
#.#.#.#...........
#.........#..#####
###.#.##.##..#
#.#.#.....[#
#.#.#.....######
#.#.#.#..>......
#.#.#.#...###...
##.........# #...


You could see 2 orcs.

Vanquished Creatures
  An adder (D:2)
  A dart slug (D:1)
  2 orcs (D:2)
  An endoplasm (D:2)
  2 giant cockroaches (D:1)
  2 goblins
  4 hobgoblins
  7 quokkas
  3 ball pythons
  5 bats
  3 frilled lizards (D:1)
  4 kobolds
  5 rats
40 creatures vanquished.

Notes
Turn   | Place    | Note
-------+----------+-------------------------------------------
     0 | D:1      | Gadfly the Oni Berserker began the quest for the Orb.
     0 | D:1      | Reached XP level 1. HP: 24/24 MP: 1/1
   388 | D:1      | Reached XP level 2. HP: 28/32 MP: 2/2
   599 | D:1      | Reached skill level 1 in Armour
   761 | D:1      | Reached XP level 3. HP: 39/39 MP: 3/3
   926 | D:2      | Reached skill level 1 in Evocations
  1010 | D:2      | Reached ** piety under Trog
  1141 | D:2      | Found Enidil's Magic Scroll Emporium.
  1152 | D:2      | Bought a scroll of teleportation for 30 gold pieces
  1152 | D:2      | Bought a scroll of identify for 20 gold pieces
  1152 | D:2      | Bought a scroll of identify for 20 gold pieces
  1181 | D:2      | Found a broken altar of Ashenzari.
  1380 | D:2      | HP: 1/40 [something/puff of flame (8)]
  1383 | D:2      | Killed from afar by an orc wizard

Illustrated notes

Levels and vault maps discovered:
D:1:      minmay_arrival_loop, layout_basic,
          nicolae_concentric_dashed_squares_wild, serial_bayou_crossing
D:2:      layout_basic, basic_altar, serial_shops, nicolae_lakefront_shop

Skill      XL: |  1  2  3 |
---------------+----------+-----
Armour         | 1 |  1.4
Evocations     | 1 |  1.2
Fighting       | |  4.4
Maces & Flails | |  3.5
Dodging        | |  2.6

Action                     || total
---------------------------++-------
  Melee: Mace              ||   114
         Headbutt          ||    15
         Punch             ||     1
 Invoke: Trog's Hand       ||     1
    Use: Scroll            ||     5
   Stab: Sleeping          ||     3
 Armour: Animal skin       ||    40
         Robe              ||    49
  Dodge: Dodged            ||    63
